 Dungeon Crawl Stone Soup version 0.29.1-12-g30fa7ad0bf (webtiles) character file.

Game seed: 3394519094774111334

111 hawla the Chiller (level 5, -14/38 HPs)
             Began as a Meteoran Ice Elementalist on Jan 9, 2023.
             Demolished by an ogre
             ... wielding a +0 giant club
              (18 damage)
             ... on level 4 of the Dungeon.
             The game lasted 00:02:09 (289 turns).

hawla the Chiller (Meteoran Ice Elementalist)        Turns: 289, Time: 00:02:10

Health: -14/38     AC:  2    Str:  9    XL:     5   Next: 39%
Magic:  3/10       EV: 12    Int: 18    God:
Gold:   33         SH:  0    Dex: 15    Spells: 2/10 levels left

rFire   . . .      SeeInvis .   (no weapon)
rCold   . . .      Faith    .   (no shield)
rNeg    . . .      Spirit   .   a - +0 robe
rPois   .          Reflect  .   (no helmet)
rElec   .          Harm     .   (no cloak)
rCorr   .          Rampage  .   (no gloves)
Will    .....                   (no boots)
Stlth   +.........              (no amulet)
HPRegen 0.12/turn               (no ring)
MPRegen 0.12/turn               (no ring)

@: about to teleport, glowing
A: sense surroundings 1, otherworldly, glowing, explore regen
a: no special abilities


You were on level 4 of the Dungeon.
You visited 1 branch of the dungeon, and saw 4 of its levels.

You collected 33 gold pieces.

Inventory:

Armour
 a - a +0 robe (worn)
Scrolls
 c - a scroll of identify
Potions
 b - a potion of magic
 e - a potion of might {unknown}


   Skills:
 - Level 2.6 Dodging
 - Level 1.4 Stealth
 - Level 3.2 Spellcasting
 + Level 3.2 Conjurations
 - Level 5.4 Ice Magic


You had 2 spell levels left.
You knew the following spells:

 Your Spells              Type           Power      Damage    Failure   Level
a - Freeze                Ice            88%        1d10      1%          1
b - Frozen Ramparts       Ice            44%        1d7       4%          3
c - Hailstorm             Conj/Ice       18%        3d6       26%         4

Your spell library contained the following spells:

 Spells                   Type           Power      Damage    Failure   Level
 Ozocubu's Armour         Ice            22%        N/A       4%          3


Dungeon Overview and Level Annotations

Branches:
Dungeon (4/15) Zot: 2111
 Temple: D:4-7

Altars:

Shops:
D:4 =

Annotations:
D:2 Sigmund
D:4 Eustachio


Innate Abilities, Weirdness & Mutations

You passively map a small area around you.
You are easily found by Zot.
You glow in the dark.
You regain HP and MP as you explore.


Message History

Confirm with . or Enter, or press ? or * to list all spells.
Aiming: Freeze (safe; 1% risk of failure)
Press: ? - help, Shift-Dir - straight line, f - necrophage
Aim: a necrophage (almost destroyed)
You freeze the necrophage.
The necrophage resists.
The necrophage is almost destroyed.
The wall freezes the necrophage but does no damage.
The necrophage hits you.
You feel drained.
Casting: Freeze (safe; 1% risk of failure)
Confirm with . or Enter, or press ? or * to list all spells.
Aiming: Freeze (safe; 1% risk of failure)
Press: ? - help, Shift-Dir - straight line, f/p - necrophage
Aim: a necrophage (almost destroyed)
You freeze the necrophage.
The necrophage resists.
The necrophage is almost destroyed.
The necrophage resists.
The wall freezes the necrophage.
You destroy the necrophage!
Your life force feels restored.
Your Conjurations skill gained 3 levels and is now at level 3!
You have reached level 5!
The frozen ramparts melt away as you move.
An orc comes into view. It is wielding a +0 mace.
You hear the brisk rusting of a distant drain.
The orc shouts!
You hear a shout! x2
An ogre comes into view. It is wielding a +0 giant club.
An adder comes into view.
The orc attacks as you move away! The orc hits you with a +0 mace.
* * * LOW HITPOINT WARNING * * *
As you read the scroll labelled KIOFASO EKUSADO, it crumbles to dust.
It is a scroll of identify.
d - a scroll of teleportation The orc hits you with a +0 mace.
* * * LOW HITPOINT WARNING * * *
As you read the scroll of teleportation, it crumbles to dust.
You feel strangely unstable.
The orc cheers to no one in particular.
The orc misses you. The ogre attacks as you move away!
The ogre hits you with a +0 giant club!!
You die...

#... , .. ,
#..##, .. , #...
#. #..##.* *
*#...# , ####
#..#, ...# ###S#
, .#.#
#.Oo#####.. '###
#.#@....... .§§#
#.#########,
§≈≈####### #.# *
§§§#.....# #.#
.≈≈#####.# #.#
≈≈≈#
#.#####.#######
####
#..............
, #.<#
#.#############*
#..# #.........
,,


You could see an ogre, an adder and an orc.

Vanquished Creatures
  A necrophage (D:4)
  A hound (D:4)
  An adder (D:4)
  An orc (D:3)
  A ball python (D:3)
  A goblin (D:4)
  2 jackals (D:4)
  A kobold (D:4)
9 creatures vanquished.

Notes
Turn   | Place    | Note
-------+----------+-------------------------------------------
     0 | D:1      | hawla the Meteoran Ice Elementalist began the quest for the
                  | Orb.
     0 | D:1      | Reached XP level 1. HP: 14/14 MP: 5/5
    18 | D:2      | Noticed Sigmund
    18 | D:2      | You fall into a shaft and drop 1 floor!
    38 | D:4      | Noticed Eustachio
    44 | D:4      | Reached XP level 2. HP: 18/20 MP: 0/6
   133 | D:4      | Reached skill level 5 in Ice Magic
   133 | D:4      | Reached XP level 3. HP: 18/26 MP: 4/8
   137 | D:4      | Learned a level 3 spell: Frozen Ramparts
   148 | D:4      | Found Eruodos's Jewellery Emporium.
   176 | D:4      | Reached XP level 4. HP: 32/33 MP: 3/9
   181 | D:4      | Learned a level 4 spell: Hailstorm
   264 | D:4      | Noticed a necrophage
   280 | D:4      | Killed a necrophage
   281 | D:4      | Reached XP level 5. HP: 12/38 MP: 2/10
   283 | D:4      | Noticed an ogre
   289 | D:4      | Demolished by an ogre

Illustrated notes

Levels and vault maps discovered:
D:1:      ldierk_walled_garden_2, layout_rooms,
          dreamdust_ecumenical_altar_sealed_demon, chequers_avenue,
          minmay_misc_feat_cross, grunt_decor_cap, minmay_misc_feat_rows
D:2:      layout_rooms, minmay_misc_feat_roman, uniq_sigmund, uniq_terence
D:3:      layout_basic, nicolae_overflow_quartered_altars, minivault_26,
          uniq_jessica
D:4:      layout_loops_ring, gup_sewer_entry_pipe, serial_shops,
          kennysheep_little_box, minmay_vboxes, uniq_eustachio,
          uniq_crazy_yiuf_cottage

Skill      XL: |  1  2  3  4 |
---------------+-------------+-----
Ice Magic      | 5 |  5.4
Spellcasting   | 3 |  3.2
Conjurations   | 3 |  3.2
Dodging        | |  2.6
Stealth        | |  1.4

Action                   |  1- 3 |  4- 6 || total
-------------------------+-------+-------++-------
Melee: Unarmed           |     1 |    10 ||    11
 Cast: Freeze            |    16 |     3 ||    19
       Frozen Ramparts   |     1 |     2 ||     3
  Use: Scroll            |       |     2 ||     2
Armor: Robe              |     2 |     1 ||     3
Dodge: Dodged            |     9 |     6 ||    15
